 Dungeon Crawl Stone Soup version 0.20.1-1-g8b1a95d (webtiles) character file.

33109 pod the Severer (level 13, -26/119 HPs)
             Began as a Hill Orc Fighter on July 10, 2017.
             Killed from afar by a deep elf mage (40 damage)
             ... with a bolt of fire
             ... on level 14 of the Dungeon.
             The game lasted 02:53:30 (21022 turns).

pod the Severer (Hill Orc Fighter)                 Turns: 21022, Time: 02:53:31

Health: -26/119    AC: 24    Str: 27    XL:     13   Next: 68%
Magic:  14/14      EV:  9    Int:  8    God:
Gold:   1522       SH:  0    Dex:  8    Spells: 10/12 levels left

rFire    x . .     SeeInvis .   l - +6 war axe of Destiny {flame, rC+}
rCold    + + .     Gourm    .   (no shield)
rNeg     . . .     Faith    .   V - +0 plate armour
rPois    .         Spirit   .   (no helmet)
rElec    .         Reflect  .   r - +2 cloak
rCorr    .         Harm     +   S - +0 pair of gloves
MR       .....                  s - +1 pair of boots
Stlth    ..........             p - amulet of harm
Regen    0.3/turn               b - +3 ring of strength
MPRegen  0.2/turn               N - ring of ice

@: liquid flames, glowing
A: icy blue scales 1, rugged brown scales 1, clumsy 1
a: no special abilities


You were on level 14 of the Dungeon.
You were not hungry.

You visited 1 branch of the dungeon, and saw 14 of its levels.

You collected 2039 gold pieces.
You spent 517 gold pieces at shops.

Inventory:

Hand Weapons
 a - the +5 pair of quick blades "Gyre" and "Gimble" {pierce, Dex-3}
   (You took it off a centaur warrior on level 13 of the Dungeon)

   It inflicts extra damage upon your enemies.
   It affects your dexterity (-3).
 l - the +6 war axe of Destiny (weapon) {flame, rC+}
   (You found it on level 14 of the Dungeon)

   It has been specially enchanted to burn those struck by it, causing extra
   injury to most foes and up to half again as much damage against particularly
   susceptible opponents.
   Big, fiery blades are also staple armaments of hydra-hunters.
   It protects you from cold.
 z - the +0 broad axe of Moyrr {drain, rN+ MR+ Int+3 Dex-3}
   (You acquired it on level 6 of the Dungeon)

   A truly terrible weapon, it drains the life of those it strikes.
   It affects your intelligence (+3).
   It affects your dexterity (-3).
   It protects you from negative energy.
   It affects your resistance to hostile enchantments.
 M - a +1 great mace of venom
 P - a +0 quarterstaff of freezing
Armour
 c - a +0 shield
 r - a +2 cloak (worn)
 s - a +1 pair of boots (worn)
 t - +0 fire dragon scales
 v - a +3 leather armour of cold resistance
 S - a +0 pair of gloves (worn)
 U - a scarf of resistance
 V - a +0 plate armour (worn)
Jewellery
 b - a +3 ring of strength (left hand)
 p - an amulet of harm (around neck)
 N - a ring of ice (right hand)
Wands
 d - a wand of flame (1/48)
 f - a wand of paralysis (8/24)
 g - a wand of polymorph (2/24)
 o - a wand of lightning (7/15)
 C - a wand of enslavement (0/24)
 E - a wand of confusion (17/48)
 G - a wand of polymorph (3/24)
 I - a wand of acid (1/15)
 K - a wand of flame (19/48)
 L - a wand of polymorph (15/24)
 Q - a wand of scattershot (5/9)
 Z - a wand of digging (11/24)
Scrolls
 h - 3 scrolls of teleportation
 j - 5 scrolls of remove curse
 n - a scroll of magic mapping
 w - 2 scrolls of blinking
 y - a scroll of fear
 D - 7 scrolls of recharging
 F - 2 scrolls of enchant weapon
Potions
 e - 4 potions of agility
 k - a potion of brilliance
 m - 3 potions of curing
 q - 2 potions of ambrosia
 x - a potion of resistance
Books
 O - a book of Geomancy

   Spells                             Type                      Level
   a - Sandblast                      Earth                        1
   b - Passwall                       Transmutation/Earth          2
   c - Stone Arrow                    Conjuration/Earth            3
   d - Petrify                        Transmutation/Earth          4
   e - Lee's Rapid Deconstruction     Earth                        5
 R - a book of Debilitation

   Spells                             Type                      Level
   a - Corona                         Hexes                        1
   b - Slow                           Hexes                        2
   c - Inner Flame                    Hexes/Fire                   3
   d - Portal Projectile              Hexes/Translocation          3
   e - Cause Fear                     Hexes                        4
   f - Leda's Liquefaction            Hexes/Earth                  4
Miscellaneous
 B - a crystal ball of energy
 Y - a lightning rod (4/4)
Comestibles
 i - 12 fruits
 u - a meat ration
 A - 3 bread rations
 J - 4 royal jellies


   Skills:
 + Level 11.4 Fighting
 + Level 1.2 Short Blades
 + Level 16.6(16.7) Axes
 + Level 1.0(9.6) Maces & Flails
 + Level 7.0 Throwing
 + Level 9.2 Armour
 + Level 5.4 Dodging
 + Level 2.7 Stealth
 + Level 10.8 Shields
 + Level 2.0 Evocations


You had 10 spell levels left.
You knew the following spells:

 Your Spells              Type           Power        Failure   Level  Hunger
a - Sandblast             Erth           #.....       99%         1    ##.....
b - Corona                Hex            #......      99%         1    ##.....


Dungeon Overview and Level Annotations

Branches:
Dungeon (14/15)            Temple (0/1) D:6            Lair (0/6) D:10
    Orc (0/2) D:9          Vaults (0/5) D:13

Altars:
Elyvilon
Gozag
Hepliaklqana
Kikubaaqudgha
Makhleb
Okawaru
Qazlal
Ru
Sif Muna
Xom
Yredelemnul
Zin
The Shining One

Shops:
D:5 [   D:8 *   D:9 [   D:10 %   D:11 !   D:12 }


Innate Abilities, Weirdness & Mutations

You are partially covered in icy blue scales. (AC +2)
You are partially covered in rugged brown scales. (AC +1, +3% HP)
You are clumsy. (Dex -2)


Message History

The deep elf mage casts a spell.
The deep elf mage blinks!
Aiming: Paralyse (will waste charges)
Press: ? - help, Shift-Dir - straight line, f - deep elf mage
Aim: a deep elf mage, wielding a long sword (lightly wounded, chance to defeat MR: 34%)
The deep elf mage easily resists.
Evoking this partially-identified wand wasted a few charges.
The deep elf mage gestures at you while chanting.
The sticky flame hits you! The fire burns you terribly!
You are covered in liquid flames!
* * * LOW HITPOINT WARNING * * *
Aiming: Polymorph
Press: ? - help, Shift-Dir - straight line, f/p - deep elf mage
Aim: a deep elf mage, wielding a long sword (lightly wounded, chance to defeat MR: 34%)
The deep elf mage easily resists.
This wand has 2 charges left.
You are covered in liquid flames!
* * * LOW HITPOINT WARNING * * *
The deep elf mage casts a spell at you. The bolt of fire hits you!
The fire burns you terribly!
You die...

#### .... .... ... ....
.. .... .###### ....
#...P.# .... #.....#
.... #.†[$8#####
####### #.@........
#...... #.§........
#...... #..(.......
#......
#+###....########.)....
......e..#...(.((......
........##....#####....
.######.#.....#...#....
#.#.....#...#....
#.#.....'...#....


You could see a deep elf mage.

Vanquished Creatures
  Josephine (D:11)
  Erolcha (D:10)
  Fannar (D:11)
  A vault guard (D:13)
  A hydra (D:12)
  4 centaur warriors
  9 two-headed ogres
  Urug (D:12)
  A deep elf knight (D:13)
  A deep elf archer (D:13)
  2 deep elf magi (D:14)
  A manticore (D:13)
  A cyclops (D:13)
  2 ugly things (D:13)
  3 centaur skeletons
  2 komodo dragons
  2 trolls
  A harpy zombie (D:14)
  The ghost of Reinor the Magician, a novice SpEE (D:5)
  A raiju (D:12)
  4 hippogriffs
  9 slime creatures
  A tarantella (shapeshifter) (D:13)
  A wyvern (D:12)
  A centaur simulacrum (D:14)
  3 shadows
  3 wraiths (D:11)
  18 yaks
  A basilisk (D:13)
  6 vampire mosquitoes
  A hungry ghost (D:6)
  A soldier ant (D:13)
  A water moccasin (D:8)
  A porcupine (D:9)
  6 orc warriors
  3 sky beasts
  4 ice beasts
  4 ogres
  A phantom (D:8)
  A necrophage (D:13)
  7 centaurs
  2 crocodiles
  4 big kobolds
  7 bullfrogs
  6 scorpions
  9 killer bees
  11 wights
  6 howler monkeys
  6 crimson imps
  2 quasits
  A centaur zombie (D:7)
  7 hounds
  A jelly (D:9)
  12 orc priests
  13 orc wizards
  7 iguanas
  11 worker ants
  A killer bee zombie (D:10)
  A hound skeleton (D:10)
  A howler monkey zombie (D:7)
  4 gnolls (D:3)
  12 adders
  4 shadow imps
  An ooze (D:7)
  2 adder skeletons (D:5)
  An adder zombie (D:9)
  3 worms
  7 leopard geckos
  74 orcs
  9 bats
  11 giant cockroaches
  10 goblins
  8 hobgoblins
  11 jackals
  4 quokkas
  A ball python (D:3)
  A frilled lizard (D:1)
  A jackal skeleton (D:8)
  20 kobolds
  A quokka skeleton (D:9)
  6 rats
413 creatures vanquished.

Vanquished Creatures (others)
  An unseen horror (D:12)
  A quokka (D:5)
  A fungus (D:10)
  A plant (D:10)
4 creatures vanquished.

Grand Total: 417 creatures vanquished

Notes
Turn   | Place    | Note
-------+----------+-------------------------------------------
     0 | D:1      | pod the Hill Orc Fighter began the quest for the Orb.
     0 | D:1      | Reached XP level 1. HP: 19/19 MP: 1/1
   164 | D:1      | Reached XP level 2. HP: 22/27 MP: 2/2
   190 | D:1      | Reached skill level 3 in Axes
   612 | D:1      | Reached XP level 3. HP: 33/33 MP: 3/3
  1097 | D:2      | Found a basalt altar of Yredelemnul.
  1621 | D:3      | Found a sacrificial altar of Ru.
  1737 | D:3      | Reached XP level 4. HP: 41/41 MP: 4/4
  1995 | D:3      | Reached skill level 4 in Axes
  2222 | D:3      | Found an ancient bone altar of Kikubaaqudgha.
  2478 | D:4      | Found a glowing golden altar of the Shining One.
  2547 | D:4      | Reached XP level 5. HP: 47/47 MP: 5/5
  3438 | D:5      | Entered Level 5 of the Dungeon
  3535 | D:5      | Noticed an ogre
  3548 | D:5      | Killed an ogre
  3548 | D:5      | Reached XP level 6. HP: 34/53 MP: 6/6
  3708 | D:5      | Reached skill level 5 in Axes
  3866 | D:5      | Noticed a sky beast
  3872 | D:5      | Killed a sky beast
  3900 | D:5      | Reached skill level 1 in Dodging
  3930 | D:5      | Found Baveo's Antique Armour Boutique.
  3940 | D:5      | Bought a pair of embroidered boots for 165 gold pieces
  3940 | D:5      | Bought a dyed leather armour for 110 gold pieces
  3967 | D:5      | Found a white marble altar of Elyvilon.
  4003 | D:5      | Noticed Reinor's ghost (novice SpEE)
  4012 | D:5      | Reached skill level 1 in Throwing
  4012 | D:5      | Reached XP level 7. HP: 58/60 MP: 7/7
  4034 | D:5      | Killed Reinor's ghost
  4034 | D:5      | Reached skill level 5 in Fighting
  4034 | D:5      | Reached skill level 6 in Axes
  4034 | D:5      | Reached skill level 5 in Armour
  4034 | D:5      | Reached skill level 5 in Shields
  4582 | D:5      | Reached XP level 8. HP: 41/69 MP: 8/8
  4767 | D:5      | Reached skill level 7 in Axes
  5029 | D:6      | Found an opulent altar of Gozag.
  5071 | D:6      | Reached skill level 1 in Stealth
  5096 | D:6      | Found a staircase to the Ecumenical Temple.
  5133 | D:6      | Found an iron altar of Okawaru.
  6236 | D:6      | Identified a scroll of acquirement
  6239 | D:6      | Got a faintly glowing broad axe
  6240 | D:6      | Identified the +0 broad axe of Moyrr {drain, rN+ MR+ Int+3 Dex-3} (You acquired it on level 6 of the Dungeon)
  6298 | D:7      | Reached skill level 8 in Axes
  6729 | D:7      | Reached XP level 9. HP: 55/75 MP: 9/9
  7025 | D:7      | Reached skill level 9 in Axes
  8161 | D:8      | Found a burning altar of Makhleb.
  8388 | D:8      | Noticed a two-headed ogre
  8720 | D:7      | Reached skill level 1 in Short Blades
  8720 | D:7      | Reached skill level 10 in Axes
  8728 | D:7      | Gained mutation: You are partially covered in rugged brown scales. (AC +1, +3% HP) [mutagenic meat]
  8920 | D:7      | Lost mutation: You are partially covered in rugged brown scales. (AC +1, +3% HP) [mutagenic meat]
  8921 | D:7      | Gained mutation: You are partially covered in iridescent scales. (AC +2) [mutagenic meat]
  9083 | D:8      | Found a hazy altar of Hepliaklqana.
  9235 | D:8      | Found Warisata's General Store.
  9693 | D:8      | Found a stormy altar of Qazlal.
  9722 | D:8      | Killed a two-headed ogre
  9722 | D:8      | Reached XP level 10. HP: 58/86 MP: 10/10
 10014 | D:9      | Found a deep blue altar of Sif Muna.
 10344 | D:9      | Reached skill level 11 in Axes
 10347 | D:9      | Found a staircase to the Orcish Mines.
 10437 | D:9      | Found a glowing silver altar of Zin.
 10437 | D:9      | Found a shimmering altar of Xom.
 10437 | D:9      | Noticed an angel
 10494 | D:9      | Found Joeskob's Antique Armour Boutique.
 10743 | D:9      | Reached skill level 12 in Axes
 11005 | D:10     | Entered Level 10 of the Dungeon
 11231 | D:10     | Reached XP level 11. HP: 88/95 MP: 11/11
 11247 | D:10     | Noticed Erolcha
 11256 | D:10     | Killed Erolcha
 11450 | D:10     | Found a staircase to the Lair.
 11610 | D:10     | Found Miakung's Food Shoppe.
 11616 | D:10     | Bought a fruit for 21 gold pieces
 11616 | D:10     | Bought a royal jelly for 28 gold pieces
 11616 | D:10     | Bought a royal jelly for 28 gold pieces
 11616 | D:10     | Bought a fruit for 21 gold pieces
 11860 | D:11     | Noticed Josephine
 12130 | D:11     | Reached skill level 13 in Axes
 12293 | D:11     | Found Qoel's Distillery.
 12313 | D:11     | Noticed Fannar
 12339 | D:11     | Killed Fannar
 12393 | D:11     | Bought a potion of curing for 48 gold pieces
 12393 | D:11     | Bought a potion of curing for 48 gold pieces
 12393 | D:11     | Bought a potion of curing for 48 gold pieces
 12523 | D:11     | Reached skill level 1 in Evocations
 12764 | D:11     | Noticed a two-headed ogre
 12778 | D:11     | Killed a two-headed ogre
 13132 | D:11     | Killed Josephine
 13202 | D:11     | Noticed a two-headed ogre
 13270 | D:11     | Killed a two-headed ogre
 13270 | D:11     | Reached skill level 5 in Dodging
 13400 | D:11     | Reached skill level 14 in Axes
 13400 | D:11     | Reached skill level 10 in Shields
 13974 | D:11     | Reached XP level 12. HP: 95/105 MP: 12/12
 14141 | D:12     | Noticed a two-headed ogre
 14161 | D:11     | HP: 4/105 [two-headed ogre/giant club (19)]
 14204 | D:12     | HP: 3/105 [yak (15)]
 14440 | D:12     | Noticed a two-headed ogre
 14448 | D:12     | Killed a two-headed ogre
 14638 | D:12     | Noticed Urug
 14650 | D:12     | Killed Urug
 14857 | D:12     | Found Qunil's Gadget Boutique.
 15345 | D:13     | Learned a level 1 spell: Sandblast
 15347 | D:13     | Learned a level 1 spell: Corona
 15524 | D:12     | Reached skill level 5 in Throwing
 15562 | D:12     | Noticed a centaur warrior
 15571 | D:12     | Killed a centaur warrior
 15571 | D:12     | Reached skill level 10 in Fighting
 15695 | D:12     | Noticed a two-headed ogre
 15698 | D:12     | Killed a two-headed ogre
 15932 | D:11     | Killed a two-headed ogre
 16366 | D:13     | Reached skill level 15 in Axes
 16512 | D:13     | Noticed a fire dragon
 16636 | D:13     | Noticed a vault guard
 16750 | D:13     | Killed a vault guard
 16784 | D:13     | Noticed a centaur warrior
 16797 | D:13     | Killed a centaur warrior
 17177 | D:13     | Noticed a four-headed hydra
 17177 | D:13     | a fire dragon changed into a four-headed hydra
 17621 | D:12     | Killed a 12-headed hydra
 17958 | D:13     | Noticed a two-headed ogre
 17965 | D:13     | Killed a two-headed ogre
 17965 | D:13     | Reached XP level 13. HP: 78/114 MP: 14/14
 18492 | D:13     | Found a gate to the Vaults.
 18611 | D:13     | Reached skill level 16 in Axes
 20275 | D:13     | Lost mutation: You are partially covered in iridescent scales. (AC +2) [potion of mutation]
 20275 | D:13     | Gained mutation: You are partially covered in rugged brown scales. (AC +1, +3% HP) [potion of mutation]
 20275 | D:13     | Gained mutation: You are clumsy. (Dex -2) [potion of mutation]
 20275 | D:13     | Gained mutation: You are partially covered in icy blue scales. (AC +2) [potion of mutation]
 20734 | D:14     | Got a jewelled war axe
 20735 | D:14     | Identified the +6 war axe of Destiny {flame, rC+} (You found it on level 14 of the Dungeon)
 21000 | D:14     | Reached skill level 1 in Maces & Flails
 21022 | D:14     | Killed from afar by a deep elf mage

Skill      XL: |  1  2  3  4  5  6  7  8  9 10 11 12 13 |
---------------+----------------------------------------+-----
Fighting       | 4 5 7 8 9 10 11 | 11.4
Axes           | 3 4 5 6 8 10 12 14 15 16 | 16.6
Armour         | 4 5 6 7 9 |  9.2
Shields        | 4 5 6 8 10 | 10.8
Dodging        | 1 2 3 4 5 |  5.4
Throwing       | 1 2 3 4 6 7 |  7.0
Stealth        | 1 2 |  2.7
Short Blades   | 1 |  1.2
Evocations     | 1 2 |  2.0
Maces & Flails | 1 |  1.0

Action                   |  1- 3 |  4- 6 |  7- 9 | 10-12 | 13-15 || total
-------------------------+-------+-------+-------+-------+-------++-------
Melee: War axe           |   146 |   151 |   132 |       |    34 ||   463
       Broad axe         |       |       |   257 |   489 |   151 ||   897
       Rapier            |       |       |    91 |       |       ||    91
       Great mace        |       |       |       |       |    13 ||    13
Throw: Tomahawk          |       |    24 |    38 |    89 |     6 ||   157
       Javelin           |       |       |       |    20 |    13 ||    33
Evoke: Wand              |       |       |     2 |    16 |     7 ||    25
  Use: Potion            |     6 |     2 |     5 |     8 |     2 ||    23
       Scroll            |     6 |     2 |    10 |     9 |     3 ||    30
 Stab: Sleeping          |       |       |       |     1 |       ||     1
  Eat: Chunk             |     2 |     1 |    11 |    14 |       ||    28
       Bread ration      |       |     1 |     2 |       |       ||     3
       Royal jelly       |       |     1 |     1 |       |       ||     2
       Meat ration       |       |     1 |     1 |     1 |     1 ||     4
       Fruit             |       |       |    11 |     8 |     6 ||    25
Armor: Scale mail        |   103 |       |       |       |       ||   103
       Chain mail        |    19 |    29 |       |       |       ||    48
       Plate armour      |       |    75 |       |   149 |   164 ||   388
       Leather armour    |       |     2 |   166 |   129 |       ||   297
Dodge: Dodged            |    66 |    30 |   150 |   213 |    91 ||   550
Block: Shield            |   115 |   113 |   246 |   325 |       ||   799
